 Dungeon Crawl Stone Soup version 0.31.0-4-g52a2dc7128 (webtiles) character file.

Game seed: 14886382549874684899

413 Aldia the Shooter (level 7, 0/54 HPs)
             Began as a Formicid Hunter on Jan 21, 2024.
             Was an Initiate of Fedhas.
             Slain by a jackal (2 damage)
             ... in the Ecumenical Temple.
             The game lasted 00:08:23 (2658 turns).

Aldia the Shooter (Formicid Hunter)                 Turns: 2658, Time: 00:08:23

Health: 0/54       AC:  5    Str: 21    XL:     7   Next: 14%
Magic:  7/7        EV: 13    Int:  9    God:    Fedhas [......]
Gold:   166        SH:  0    Dex: 19    Spells: 3/6 levels left

rFire   . . .        a - +0 shortbow
rCold   . . .        (no shield)
rNeg    . . .        c - +0 leather armour
rPois   .            (helmet unavailable)
rElec   .            h - +0 cloak
rCorr   .            m - +0 pair of gloves
SInv    +            (no boots)
Will    .....        (no amulet)
Stlth   ++           s - +6 ring of strength
HPRegen 0.29/turn    (no ring)
MPRegen 0.10/turn

%: no passive effects
@: no status effects
A: permanent stasis, dig shafts and tunnels, antennae 3, four strong arms
a: Dig, Renounce Religion


You were in the Ecumenical Temple.
You worshipped Fedhas.
Fedhas was noncommittal.
You visited 2 branches of the dungeon, and saw 5 of its levels.

You collected 166 gold pieces.

Inventory:

Hand Weapons
 a - a +0 shortbow (weapon)
Armour
 c - a +0 leather armour (worn)
 h - a +0 cloak (worn)
 m - a +0 pair of gloves (worn)
Jewellery
 s - a +6 ring of strength (left hand)
Wands
 r - a wand of flame (12)
Scrolls
 d - a scroll of immolation {unknown}
 f - a scroll of teleportation {unknown}
 g - a scroll of amnesia {unknown}
 j - a scroll of poison {unknown}
 n - 3 scrolls of identify
 o - 2 scrolls of enchant armour {unknown}
 p - a scroll of vulnerability {unknown}
Potions
 e - 2 potions of curing
 i - a potion of attraction
 k - a potion of brilliance
 l - a potion of magic
 q - 2 potions of enlightenment {unknown}


   Skills:
 + Level 4.0 Fighting
 * Level 6.1 Ranged Weapons
 + Level 1.1 Armour
 - Level 3.1 Dodging
 - Level 1.2 Stealth
 - Level 1.7 Necromancy
 + Level 1.0 Invocations


You had 3 spell levels left.
You knew the following spells:

 Your Spells              Type           Power      Damage    Failure   Level
a - Fugue of the Fallen   Necr           3%         N/A       56%         3

Your spell library contained the following spells:

 Spells                   Type           Power      Damage    Failure   Level
 Ozocubu's Armour         Ice            0%         N/A       80%         3
 Manifold Assault         Tloc           0%         N/A       99%         4
 Summon Forest            Summ/Tloc      0%         N/A       100%        5
 Eringya's Noxious Bog    Alch           0%         4d6       100%        6
 Summon Hydra             Summ           0%         N/A       100%        7


Dungeon Overview and Level Annotations

Branches:
Dungeon (4/15)             Temple (1/1) D:4

Altars:
Ashenzari
Dithmenos
Elyvilon
Fedhas
Gozag
Kikubaaqudgha
Makhleb
Nemelex Xobeh
Okawaru
Ru
Uskayaw
Vehumet
Wu Jian
Xom
Yredelemnul
Zin
The Shining One

Shops:
D:1 :

Annotations:
D:4 Robin


Innate Abilities, Weirdness & Mutations

You cannot be hasted, slowed, berserked, paralysed or teleported.
You can dig through walls and to a lower floor.
You have a pair of large antennae on your head. (SInv)
Your four strong arms can wield two-handed weapons with a shield.


Message History

Okay, then.
Okay, then.
You shoot an arrow. The arrow hits the orc!
You kill the orc!
Fedhas appreciates your contribution to the ecosystem.
The jackal misses you. The goblin hits you with a +0 club.
* * * LOW HITPOINT WARNING * * *
The hobgoblin hits you but does no damage.
The orc closely misses you. The hobgoblin hits you.
* * * LOW HITPOINT WARNING * * *
Okay, then.
You shoot an arrow. The arrow barely misses the orc.
The jackal bites you but does no damage.
The goblin misses you. The hobgoblin hits you.
* * * LOW HITPOINT WARNING * * *
The orc closely misses you. The hobgoblin hits you.
* * * LOW HITPOINT WARNING * * *
The jackal bites you.
* * * LOW HITPOINT WARNING * * *
You shoot an arrow. The arrow hits the goblin.
You kill the goblin!
Fedhas appreciates your contribution to the ecosystem.
The jackal bites you but does no damage.
The orc barely misses you. The hobgoblin barely misses you.
The hobgoblin misses you.
Unknown command.
You shoot an arrow. The arrow hits the hobgoblin.
The hobgoblin is severely wounded.
The jackal closely misses you. The orc misses you.
The hobgoblin barely misses you.
The hobgoblin hits you but does no damage.
The jackal bites you but does no damage.
Unknown command.
Unknown command.
You shoot an arrow. The arrow hits the hobgoblin.
You kill the hobgoblin!
Fedhas appreciates your contribution to the ecosystem.
The jackal bites you.
You die...
Fedhas appreciates your contribution to the ecosystem.

#.._..# ###+### #
#.....###.....###
##...'#.........#
#####...........
#.....###....
#######....#####...
##...##....#+...+#..
#.h)†.#...##.....##.
#..@).'...##.._..###
#..og.#...##.....##.
##...##....#+...+#..
#######....#####...
#.....###....
#####...........
##...+#.........#
#.....###.....###
#.._..# ###+### #


You could see an orc, a jackal and a hobgoblin (strong).

Vanquished Creatures
  Grinder (D:3)
  A black bear (D:4)
  A bombardier beetle (D:3)
  3 adders
  A ribbon worm (D:3)
  3 orcs
  4 ball pythons
  6 endoplasms
  2 giant cockroaches
  7 goblins
  8 hobgoblins
  3 jackals (D:3)
  5 kobolds
  4 quokkas
  2 bats (D:1)
  4 frilled lizards
  4 rats
59 creatures vanquished.

Notes
Turn   | Place    | Note
-------+----------+-------------------------------------------
     0 | D:1      | Aldia the Formicid Hunter began the quest for the Orb.
     0 | D:1      | Reached XP level 1. HP: 16/16 MP: 1/1
    30 | D:1      | Found Kuiqyuthru's Book Shop.
   587 | D:1      | Reached XP level 2. HP: 22/23 MP: 2/2
   993 | D:2      | Reached XP level 3. HP: 28/28 MP: 3/3
  1282 | D:2      | Reached XP level 4. HP: 21/34 MP: 4/4
  1498 | D:3      | Learned a level 3 spell: Fugue of the Fallen
  1558 | D:3      | Reached skill level 5 in Ranged Weapons
  1601 | D:3      | Noticed Grinder
  1625 | D:3      | Killed Grinder
  1626 | D:3      | Reached skill level 1 in Necromancy
  1626 | D:3      | Reached XP level 5. HP: 7/42 MP: 5/5
  1626 | D:3      | Reached XP level 6. HP: 8/48 MP: 6/6
  1983 | D:3      | Found an ancient bone altar of Kikubaaqudgha.
  2153 | D:3      | Identified the +7 war axe "Saoj" {freeze, Str+4}
  2340 | D:3      | Found a broken altar of Ashenzari.
  2340 | D:3      | Found a white marble altar of Elyvilon.
  2389 | D:3      | Became a worshipper of Elyvilon the Healer
  2422 | D:4      | Noticed a black bear
  2422 | D:4      | Found a shimmering altar of Xom.
  2433 | D:4      | Killed a black bear
  2434 | D:4      | Reached skill level 6 in Ranged Weapons
  2434 | D:4      | Reached skill level 1 in Armour
  2434 | D:4      | Reached skill level 1 in Invocations
  2434 | D:4      | Reached XP level 7. HP: 26/54 MP: 7/7
  2591 | D:4      | Found a staircase to the Ecumenical Temple.
  2598 | D:4      | Noticed Robin
  2609 | Temple   | Entered the Ecumenical Temple
  2638 | Temple   | Fell from the grace of Elyvilon
  2638 | Temple   | Became a worshipper of Fedhas Madash
  2655 | Temple   | HP: 2/54 [hobgoblin[Robin] (5)]
  2658 | Temple   | Slain by a jackal

Illustrated notes

Levels and vault maps discovered:
D:1:      tarquinn_simple_flora_water_a, layout_basic, serial_shops,
          nicolae_shop_stone
D:2:      layout_basic, minmay_fractal_squares_gapless_5
D:3:      layout_basic, overflow_temple_1_default,
          nicolae_overflow_two_pavilions, uniq_grinder
D:4:      layout_basic, xom_teletrap_fun, chei_slow_surprise,
          minmay_temple_entry_offerings, uniq_robin
Temple:   nicolae_temple_figure_eight

Skill      XL: |  1  2  3  4  5  6 |
---------------+-------------------+-----
Dodging        | 2 3 |  3.1
Fighting       | 3 4 |  4.0
Ranged Weapons | 5 6 |  6.1
Necromancy     | 1 |  1.7
Armour         | 1 |  1.1
Invocations    | 1 |  1.0
Stealth        | |  1.2

Action                     |  1- 3 |  4- 6 |  7- 9 || total
---------------------------+-------+-------+-------++-------
   Fire: Shortbow          |    77 |    97 |    29 ||   203
Ability: Dig               |       |     1 |       ||     1
    Use: Scroll            |       |     5 |     1 ||     6
 Armour: Leather armour    |    18 |    41 |    37 ||    96
  Dodge: Dodged            |    24 |    55 |    43 ||   122
